 Dungeon Crawl Stone Soup version 0.30-a0-824-g6c64550be9 (webtiles) character file.

Game seed: 10292991176788391764

109806 bmack86 the Severer (level 16, -3/147 HPs)
             Began as a Minotaur Fighter on Feb 28, 2023.
             Was a High Priest of Okawaru.
             Slain by a salamander
             ... wielding a +4 glaive
              (14 damage)
             ... on level 1 of the Snake Pit.
             The game lasted 01:09:01 (22525 turns).

bmack86 the Severer (Minotaur Fighter)             Turns: 22525, Time: 01:09:02

Health: -3/147     AC: 35    Str: 27    XL:     16   Next: 5%
Magic:  23/23      EV:  7    Int:  7    God:    Okawaru [*****.]
Gold:   1698       SH: 13    Dex: 16    Spells: 15/15 levels left

rFire   . . .      SeeInvis .    s - +1 broad axe of Blind Justice {protect, rC+ Will+ Str+3 Int+2}
rCold   + . .      Faith    .    r - +0 kite shield "Fiunor" {rN+ Will+}
rNeg    + + .      Spirit   .    k - +0 plate armour of Action {rElec rN+ Str-2 Dex+3}
rPois   +          Reflect  .    S - +2 hat
rElec   +          Harm     .    W - +0 cloak
rCorr   .          Rampage  .    t - +0 pair of gloves
Will    +++..                    Z - +1 pair of boots {Stlth+} Stlth
                                 d - amulet of regeneration
HPRegen 1.24/turn                j - +4 ring of protection
MPRegen 0.18/turn                l - ring of poison resistance

@: lethally poisoned (-3 -> -5), under a protective aura, slowed, very slow
A: horns 2, retaliatory headbutt
a: Renounce Religion, Heroism, Finesse, Duel


You were on level 1 of the Snake Pit.
You worshipped Okawaru.
Okawaru was extremely pleased with you.
You visited 5 branches of the dungeon, and saw 24 of its levels.
You also visited: Ossuary.

You collected 2369 gold pieces.
You spent 671 gold pieces at shops.

Inventory:

Hand Weapons
 b - a +2 broad axe of freezing
 i - the +0 hand axe of the Sea {flame, Dex+3}
   (Okawaru gifted it to you on level 3 of the Lair of Beasts)

   Dex:       It affects your dexterity (+3).
 s - the +1 broad axe of Blind Justice (weapon) {protect, rC+ Will+ Str+3 Int+2}
   (You found it on level 5 of the Lair of Beasts)

   Str:       It affects your strength (+3).
   Int:       It affects your intelligence (+2).
   rC:        It protects you from cold.
   Will:      It increases your willpower.
 G - a +0 war axe of flaming
Missiles
 e - 28 boomerangs (quivered)
 C - 54 poisoned darts
 L - 20 javelins
 R - 2 throwing nets
Armour
 k - the +0 plate armour of Action (worn) {rElec rN+ Str-2 Dex+3}
   (You found it on level 3 of the Lair of Beasts)

   Str:       It affects your strength (-2).
   Dex:       It affects your dexterity (+3).
   rElec:     It insulates you from electricity.
   rN:        It protects you from negative energy.
 r - the +0 kite shield "Fiunor" (worn) {rN+ Will+}
   (Okawaru gifted it to you on level 3 of the Lair of Beasts)

   rN:        It protects you from negative energy.
   Will:      It increases your willpower.
 t - a +0 pair of gloves (worn)
 E - a +2 plate armour of poison resistance
 S - a +2 hat (worn)
 W - a +0 cloak (worn)
 Z - a +1 pair of boots of stealth (worn)
Jewellery
 d - an amulet of regeneration (around neck)
 j - a +4 ring of protection (left hand)
 l - a ring of poison resistance (right hand)
 n - an amulet of reflection
 o - an amulet of magic regeneration
 v - a +6 ring of dexterity
 w - an amulet of faith
 y - the amulet of Gozag's Condemnation {Spirit rElec}
   (You found it on level 13 of the Dungeon)

   [amulet of guardian spirit]

   It causes incoming damage to be divided between your reserves of health and
   magic.
   rElec:     It insulates you from electricity.
 D - a ring of positive energy
 H - a +5 ring of evasion
 O - a ring of flight
 P - a ring of resist corrosion
Wands
 g - a wand of flame (19)
 p - a wand of polymorph (10)
 x - a wand of roots (8)
 K - a wand of acid (28)
Scrolls
 a - 4 scrolls of magic mapping
 F - 9 scrolls of teleportation
 J - a scroll of enchant weapon
 M - a scroll of silence
 T - 6 scrolls of fear
 Y - 4 scrolls of blinking
Potions
 c - 2 potions of berserk rage
 f - a potion of invisibility
 h - 3 potions of cancellation
 m - 8 potions of haste
 q - 4 potions of flight
 u - 16 potions of curing
 z - 3 potions of magic
 A - 3 potions of might
 B - 7 potions of brilliance
 I - a potion of resistance
 N - 3 potions of heal wounds
 X - 2 potions of ambrosia


   Skills:
 + Level 14.7 Fighting
 - Level 18.0 Axes
 - Level 10.0 Throwing
 + Level 14.7 Armour
 + Level 14.7 Shields
 + Level 11.1 Invocations


You had 15 spell levels left.
You didn't know any spells.
Your spell library contained the following spells:

 Spells                   Type           Power      Damage    Failure   Level
 Sandblast                Erth           0%         2d4       99%         1
 Slow                     Hex            0%         N/A       99%         1
 Ensorcelled Hibernation  Hex/Ice        0%         N/A       100%        2
 Passwall                 Tmut/Erth      0%         N/A       100%        2
 Confusing Touch          Hex            0%         N/A       100%        3
 Dazzling Flash           Conj/Hex       0%         N/A       100%        3
 Ozocubu's Armour         Ice            0%         N/A       100%        3
 Spider Form              Tmut/Pois      0%         N/A       100%        3
 Stone Arrow              Conj/Erth      0%         3d7       100%        3
 Vampiric Draining        Necr           0%         2d6       100%        3
 Airstrike                Air            0%         2d(0-16)  100%        4
 Anguish                  Hex/Necr       0%         N/A       100%        4
 Iskenderun's Mystic Bla  Conj/Tloc      0%         2d3       100%        4
 Passage of Golubria      Tloc           0%         N/A       100%        4
 Lightning Bolt           Conj/Air       0%         1d11      100%        5
 Metabolic Englaciation   Hex/Ice        0%         N/A       100%        5
 Yara's Violent Unravell  Hex/Tmut       0%         3d3       100%        5
 Starburst                Conj/Fire      0%         6d3       100%        6
 Tukima's Dance           Hex            Unusable   N/A       N/A         3
 Summon Lightning Spire   Summ/Air       Unusable   N/A       N/A         4
 Simulacrum               Ice/Necr       Unusable   N/A       N/A         6

Dungeon Overview and Level Annotations

Branches:
Dungeon (15/15)            Temple (1/1) D:6            Lair (5/5) D:8
 Shoals (0/4) Lair:2        Snake (1/4) Lair:3        Slime (0/5) Lair:4
    Orc (2/2) D:11            Elf (0/3) Orc:2        Vaults (0/5) D:13
 Depths (0/4) D:15        Ossuary (visited)

Altars:
Ashenzari
Cheibriados
Dithmenos
Elyvilon
Fedhas
Gozag
Hepliaklqana
Kikubaaqudgha
Makhleb
Nemelex Xobeh
Okawaru
Qazlal
Ru
Sif Muna
Trog
Uskayaw
Vehumet
Wu Jian
Xom
Yredelemnul
Zin
The Shining One
Jiyva

Shops:
D:9 [   D:11 !   Orc:2 =:?(:   Snake:1 ?

Portals:
Trove: D:10 (give 7 scrolls of fear)


Innate Abilities, Weirdness & Mutations

You have a pair of horns on your head.
You reflexively headbutt those who attack you in melee.


Message History

The naga ritualist is severely wounded.
You slash the naga mage!
You kill the naga mage!
Okawaru accepts your kill.
You slash the salamander!
You feel very sick.
You are more poisoned.
The naga ritualist no longer looks unusually toxic.
You are more poisoned.
The naga ritualist hits you with a +0 trident.
The naga ritualist constricts you.
The salamander hits you but does no damage.
You escape the naga ritualist's grasp.
You feel extremely sick.
* * * LOW HITPOINT WARNING * * *
The naga ritualist spits poison at you. You block the splash of poison.
You block the salamander's attack.
You see here a black mamba corpse.
You slice the salamander!!
The salamander is almost dead.
You feel very sick.
The naga ritualist's toxic aura wanes.
The naga ritualist hits you from afar with a +0 trident!
* * * LOW HITPOINT WARNING * * *
You block the salamander's attack.
The naga ritualist mumbles some strange prayers to its god.
The naga ritualist begins to radiate toxic energy.
* * * LOW HITPOINT WARNING * * *
You closely miss the salamander. You headbutt the salamander.
The salamander is almost dead.
You feel very sick.
* * * LOW HITPOINT WARNING * * *
The salamander hits you with a +4 glaive.
* * * LOW HITPOINT WARNING * * *
You are engulfed in flames!
* * * LOW HITPOINT WARNING * * *
The naga ritualist hits you but does no damage.
The salamander hits you with a +4 glaive!
* * * LOW HITPOINT WARNING * * *
You are engulfed in flames!
You die...

.......##......##.## ##
##..................# #.
##......###........####.
....# ##........##.. #
#..## ##........#..
#.##...# ##..........
###......#####...........
#......).................
......N.@..##............
.......)N#####...........
.........# ##..........
....#.#..# #..#...####
.....>...# ..###..# #
....#.#... .## ..#
#......!.. # .# #. .
.....


You could see a salamander and a naga ritualist (toxic aura).

Vanquished Creatures
  Rupert (Lair:4)
  Agnes (D:15)
  Louise (D:15)
  An orc warlord (Orc:1)
  Azrael (D:12)
  Josephine (Lair:4)
  Fannar (D:12)
  An ice dragon (D:15)
  2 ogre magi (Orc:2)
  6 hydras
  5 boulder beetles
  4 catoblepae
  3 centaur warriors
  12 death yaks
  4 two-headed ogres
  An orc high priest (Orc:2)
  Urug (Lair:4)
  4 skysharks
  A vampire mage (D:15)
  Amaemon (D:8)
  A golden dragon zombie (D:15)
  2 skeletal warriors (D:15)
  A spark wasp zombie (D:15)
  A necromancer (D:15)
  4 orc knights
  2 deep elf pyromancers (D:13)
  18 ugly things
  A salamander (Lair:3)
  A shadow dragon skeleton (D:15)
  A fire giant zombie (D:15)
  10 manticores
  10 orc sorcerers
  4 cyclopes
  Maurice (D:10)
  3 naga magi (Snake:1)
  12 black mambas
  15 elephants
  Joseph (D:8)
  A merfolk siren (Lair:2)
  An orange demon (Lair:1)
  A torpor snail (Lair:3)
  A kobold demonologist (D:12)
  Maggie (D:8)
  15 cane toads
  A gargoyle (D:11)
  An efreet (D:14)
  5 rime drakes
  8 komodo dragons
  3 trolls
  2 hornets
  4 polar bears
  2 merfolk (Lair:2)
  15 blink frogs
  Prince Ribbit (D:7)
  7 dream sheep (Lair:5)
  6 slime creatures
  2 shadows
  2 vampires
  3 wyverns
  5 wraiths
  A hog (shapeshifter) (D:13)
  4 fire elementals (D:12)
  48 yaks
  11 vampire mosquitoes
  3 basilisks
  2 steam dragons
  2 wargs
  A warg (shapeshifter) (D:14)
  A naga (Snake:1)
  17 water moccasins
  4 acid dragons
  6 hell hounds
  3 black bears
  A swamp drake (Lair:4)
  31 orc warriors
  2 ice beasts (D:6)
  11 ogres
  The ghost of CowFu the Digger, an amateur DgEE (D:3)
  9 centaurs
  24 wolves
  3 phantoms
  6 kobold brigands
  3 gnoll sergeants
  9 bullfrogs
  A necrophage (D:5)
  4 water moccasin zombies (Ossuary)
  5 wights (D:9)
  12 killer bees
  10 howler monkeys
  An electric eel (Lair:2)
  3 lava snakes (Lair:3)
  2 jellies
  2 gnoll boudas
  3 hounds (D:6)
  14 orc priests
  3 iguanas (D:4)
  5 hell rats (Lair:2)
  35 orc wizards
  2 mummies (Ossuary)
  Robin (D:2)
  24 gnolls
  7 adders
  A shadow imp (D:8)
  3 white imps
  2 ufetubi
  6 adder zombies (Ossuary)
  2 worms (D:2)
  2 dart slugs (D:1)
  87 orcs
  6 ball pythons
  7 bats
  8 endoplasms
  3 giant cockroaches
  13 goblins
  12 hobgoblins
  8 jackals
  A quokka (D:1)
  5 frilled lizards
  5 hobgoblin zombies (Ossuary)
  31 kobolds
  11 kobold zombies (Ossuary)
  4 orc zombies (Ossuary)
  6 rats
787 creatures vanquished.

Vanquished Creatures (others)
  2 wizards (D:13)
  A steam dragon (Lair:4)
  A human (D:7)
  2 fire vortices (Lair:2)
  8 fungi
  45 plants
  5 withered plants (D:15)
64 creatures vanquished.

Grand Total: 851 creatures vanquished

Notes
Turn   | Place    | Note
-------+----------+-------------------------------------------
     0 | D:1      | bmack86 the Minotaur Fighter began the quest for the Orb.
     0 | D:1      | Reached XP level 1. HP: 19/19 MP: 0/0
    86 | D:1      | Reached XP level 2. HP: 27/27 MP: 1/1
   133 | D:1      | Reached skill level 3 in Axes
   325 | D:1      | Reached XP level 3. HP: 33/33 MP: 2/2
   386 | D:1      | Found a broken altar of Ashenzari.
   592 | D:1      | Found a faded altar of an unknown god.
   797 | D:2      | Noticed Robin
   801 | D:2      | Reached skill level 1 in Throwing
   812 | D:2      | Killed Robin
   813 | D:2      | Reached XP level 4. HP: 24/40 MP: 3/3
  1495 | D:3      | Reached skill level 4 in Axes
  1627 | D:3      | Found a radiant altar of Vehumet.
  1658 | D:3      | Reached XP level 5. HP: 21/46 MP: 4/4
  2000 | D:3      | Found a runed translucent gate.
  2000 | D:3      | Found a runed translucent gate.
  2001 | D:3      | Found a runed translucent gate.
  2001 | D:3      | Noticed CowFu's ghost (amateur DgEE)
  2633 | D:4      | Reached XP level 6. HP: 53/53 MP: 5/5
  2653 | D:4      | Found a sand-covered staircase.
  2657 | Ossuary  | Entered an ossuary
  2689 | Ossuary  | Reached skill level 5 in Axes
  2723 | Ossuary  | Reached skill level 5 in Armour
  2782 | Ossuary  | Reached skill level 5 in Shields
  2784 | Ossuary  | Reached skill level 5 in Fighting
  2802 | Ossuary  | Reached XP level 7. HP: 58/61 MP: 6/6
  3453 | D:4      | Reached skill level 6 in Axes
  3703 | D:5      | Entered Level 5 of the Dungeon
  3931 | D:5      | Found a sparkling altar of Nemelex Xobeh.
  3931 | D:5      | Found an opulent altar of Gozag.
  3997 | D:5      | Found a hazy altar of Hepliaklqana.
  4478 | D:6      | Reached skill level 7 in Axes
  4478 | D:6      | Reached XP level 8. HP: 41/70 MP: 7/7
  4839 | D:6      | Found a snail-covered altar of Cheibriados.
  4839 | D:6      | Found a broken altar of Ashenzari.
  4863 | D:6      | Found a staircase to the Ecumenical Temple.
  4876 | Temple   | Entered the Ecumenical Temple
  5043 | D:6      | Found a shimmering blue altar of Sif Muna.
  5155 | D:6      | Reached skill level 8 in Axes
  5241 | D:7      | Noticed Prince Ribbit
  5260 | D:7      | Killed Prince Ribbit
  5524 | D:7      | Reached XP level 9. HP: 78/78 MP: 8/8
  5564 | D:7      | Found an iron altar of Okawaru.
  5571 | D:7      | Became a worshipper of Warmaster Okawaru
  5927 | D:7      | Found an ancient bone altar of Kikubaaqudgha.
  6063 | D:7      | Reached skill level 9 in Axes
  6063 | D:7      | Reached skill level 1 in Invocations
  6516 | D:7      | Paralysed by a hornet for 2 turns
  6634 | D:8      | Reached * piety under Okawaru
  6830 | D:8      | Reached skill level 5 in Throwing
  6841 | D:8      | Noticed Maggie
  6859 | D:8      | Killed Maggie
  7199 | D:8      | Noticed a centaur warrior
  7209 | D:8      | Killed a centaur warrior
  7210 | D:8      | Reached skill level 10 in Axes
  7210 | D:8      | Reached XP level 10. HP: 35/88 MP: 7/11
  7437 | D:8      | Noticed Joseph
  7448 | D:8      | Killed Joseph
  7448 | D:8      | Reached ** piety under Okawaru
  7695 | D:8      | Paralysed by a hornet for 3 turns
  8049 | D:8      | Found a staircase to the Lair.
  8266 | D:8      | Identified a scroll of acquirement
  8266 | D:8      | Acquired a +1 heavy broad axe
  8315 | D:9      | Reached *** piety under Okawaru
  8612 | D:9      | Reached skill level 11 in Axes
  8925 | D:9      | Reached **** piety under Okawaru
  9187 | D:9      | Found Atomulov's Antique Armour Shoppe.
  9579 | D:10     | Entered Level 10 of the Dungeon
  9579 | D:10     | Noticed a manticore
  9667 | D:9      | Killed a manticore
  9845 | D:10     | Found a hide-covered altar of Uskayaw.
  9879 | D:10     | Reached XP level 11. HP: 95/95 MP: 13/13
 10044 | D:10     | Found a portal to a secret trove of treasure.
 10049 | D:10     | Reached ***** piety under Okawaru
 10136 | D:10     | Noticed Maurice
 10189 | D:10     | Killed Maurice
 10235 | D:10     | Reached skill level 12 in Axes
 10245 | D:10     | Noticed a boulder beetle
 10421 | D:10     | You fall into a shaft and drop 3 floors!
 10730 | D:10     | Killed a boulder beetle
 10751 | D:9      | Bought a pair of runed boots for 157 gold pieces
 10897 | Lair:1   | Entered Level 1 of the Lair of Beasts
 10913 | Lair:1   | Reached skill level 5 in Invocations
 10917 | Lair:1   | Noticed Amaemon
 11026 | D:8      | Killed Amaemon
 11200 | Lair:1   | Received a gift from Okawaru
 11276 | Lair:1   | Reached skill level 13 in Axes
 11804 | Lair:2   | Reached skill level 10 in Armour
 11804 | Lair:2   | Reached XP level 12. HP: 91/106 MP: 15/15
 11810 | Lair:2   | Reached skill level 10 in Shields
 11812 | Lair:2   | Received a gift from Okawaru
 11813 | Lair:2   | Reached skill level 10 in Fighting
 12205 | Lair:2   | Found a staircase to the Shoals.
 12750 | Lair:3   | Noticed a catoblepas
 12762 | Lair:3   | Identified the +0 hand axe of the Sea {flame, Dex+3}
                  | (Okawaru gifted it to you on level 3 of the Lair of Beasts)
 12762 | Lair:3   | Received a gift from Okawaru
 12774 | Lair:3   | Killed a catoblepas
 12840 | Lair:3   | Noticed a four-headed hydra
 12840 | Lair:3   | Noticed a six-headed hydra
 12840 | Lair:3   | Noticed a four-headed hydra
 12849 | Lair:3   | Killed a three-headed hydra
 12857 | Lair:3   | Noticed a boulder beetle
 12860 | Lair:3   | Killed a one-headed hydra
 12861 | Lair:3   | Reached skill level 14 in Axes
 12883 | Lair:3   | Killed a one-headed hydra
 12893 | Lair:3   | Killed a boulder beetle
 13007 | Lair:3   | Received a gift from Okawaru
 13014 | Lair:3   | Identified the +0 plate armour of Action {rElec rN+ Str-2
                  | Dex+3}
 13385 | Lair:3   | Identified the +0 kite shield "Fiunor" {rN+ Will+} (Okawaru
                  | gifted it to you on level 3 of the Lair of Beasts)
 13385 | Lair:3   | Received a gift from Okawaru
 13394 | Lair:3   | Reached XP level 13. HP: 107/116 MP: 17/17
 13423 | Lair:3   | Found a staircase to the Snake Pit.
 13937 | Lair:3   | Reached skill level 15 in Axes
 14030 | Lair:4   | Found a staircase to the Slime Pits.
 14031 | Lair:4   | Found a viscous altar of Jiyva.
 14243 | Lair:4   | Noticed Josephine
 14261 | Lair:4   | Killed Josephine
 14365 | Lair:4   | Noticed Urug
 14379 | Lair:4   | Killed Urug
 14517 | Lair:4   | Noticed Rupert
 14545 | Lair:4   | Killed Rupert
 14986 | Lair:5   | Entered Level 5 of the Lair of Beasts
 15197 | Lair:5   | Received a gift from Okawaru
 15390 | Lair:5   | Reached skill level 16 in Axes
 15454 | Lair:5   | Received a gift from Okawaru
 15455 | Lair:5   | Reached XP level 14. HP: 76/126 MP: 16/19
 15682 | Lair:5   | Received a gift from Okawaru
 15943 | Lair:5   | Reached skill level 10 in Throwing
 16322 | Lair:5   | Reached skill level 17 in Axes
 16499 | Lair:5   | Identified the +1 broad axe of Blind Justice {protect, rC+
                  | Will+ Str+3 Int+2}
 16504 | Lair:5   | Identified the +5 robe of Lobbiske {Str+2}
 16946 | D:3      | Killed CowFu's ghost
 17415 | D:11     | Found a staircase to the Orcish Mines.
 17521 | D:11     | Found Hogapp's Distillery.
 17831 | D:12     | Noticed Azrael
 17849 | D:12     | Killed Azrael
 18120 | D:12     | Noticed Fannar
 18135 | D:12     | Killed Fannar
 18137 | D:12     | Received a gift from Okawaru
 18504 | D:13     | Received a gift from Okawaru
 18510 | D:13     | Reached XP level 15. HP: 82/135 MP: 19/21
 18617 | D:13     | Received a gift from Okawaru
 18773 | D:13     | Found a gate to the Vaults.
 18841 | D:13     | Identified the amulet of Gozag's Condemnation {Spirit
                  | rElec}
 19402 | D:14     | Found a hazy altar of Hepliaklqana.
 19438 | D:14     | Reached skill level 18 in Axes
 19439 | D:14     | Received a gift from Okawaru
 19771 | D:15     | Entered Level 15 of the Dungeon
 19771 | D:15     | Noticed Louise
 19795 | D:15     | Killed Louise
 19861 | D:15     | Received a gift from Okawaru
 19875 | D:15     | Noticed Agnes
 19889 | D:15     | Killed Agnes
 19890 | D:15     | Reached skill level 10 in Invocations
 19988 | D:15     | Found a staircase to the Depths.
 20141 | D:15     | Found a burning altar of Makhleb.
 20230 | D:15     | Received a gift from Okawaru
 20550 | Orc:1    | Entered Level 1 of the Orcish Mines
 21004 | Orc:2    | Entered Level 2 of the Orcish Mines
 21283 | Orc:2    | Found Jeec's Book Shoppe.
 21303 | Orc:2    | Found a radiant altar of Vehumet.
 21356 | Orc:2    | Found an ancient bone altar of Kikubaaqudgha.
 21403 | Orc:2    | Found Miom's Magic Scroll Shoppe.
 21418 | Orc:2    | Found Kusuden's Jewellery Shoppe.
 21423 | Orc:2    | Bought a scroll of enchant weapon for 90 gold pieces
 21423 | Orc:2    | Bought a scroll of fear for 48 gold pieces
 21423 | Orc:2    | Bought a scroll of silence for 114 gold pieces
 21435 | Orc:2    | Bought a ring of flight for 262 gold pieces
 21488 | Orc:2    | Found Xumpib's Antique Weapon Emporium.
 21715 | Orc:2    | Found a staircase to the Elven Halls.
 21764 | Orc:2    | Reached XP level 16. HP: 119/147 MP: 23/23
 21822 | Orc:2    | Found Zeceanol's Self-Improvement Boutique.
 22292 | Snake:1  | Entered Level 1 of the Snake Pit
 22328 | Snake:1  | Found Qionit's Magic Scroll Boutique.
 22525 | Snake:1  | Slain by a salamander

Illustrated notes

Levels and vault maps discovered:
D:1:      sevenhm_arrival_forest_fort_small_6, layout_loops_cross,
          chequers_ecumenical_altar_simple
D:2:      layout_basic, minmay_misc_feat_pillars, cheibrodos_gnoll_hut,
          uniq_robin
D:3:      layout_basic, vehumet_crystals, biasface_ghost_orc_armoury
D:4:      layout_basic, enter_ossuary_5, nicolae_eternal_life
D:5:      layout_basic, grunt_temple_overflow_opulence,
          mainiacjoe_overflow_boulevard, lemuel_flamethrower_2
D:6:      layout_rooms, lemuel_blue_sif_altar, jmf_multi_god_temple,
          minmay_temple_entry_mist
D:7:      layout_basic, tgw_kikubaaqudgha, okawaru_metal_pillars_1_2,
          serial_bayou_crossing, uniq_prince_ribbit1
D:8:      minmay_chambers_of_fours, layout_loops_corners, lair_entry_dummy,
          uniq_maggie, uniq_joseph
D:9:      layout_loops_cross, serial_shops, nicolae_take_the_stairs
D:10:     layout_cave_pools, kennysheep_mini_moat, enter_trove_3,
          nzn_sisyphean_effort, uniq_maurice
D:11:     layout_small_grid, david_orc_2, serial_shops,
          nicolae_shop_behind_doors, st_stairs_6
D:12:     layout_loops_cross, uniq_fannar, uniq_azrael
D:13:     nicolae_hitomezashi [nicolae_hito_row, nicolae_hito_row,
          nicolae_hito_row, nicolae_hito_row, nicolae_hito_row,
          nicolae_hito_row, nicolae_hito_row, nicolae_hito_row,
          nicolae_hito_row, nicolae_hito_row, nicolae_hito_row,
          nicolae_hito_row, nicolae_hito_row, nicolae_hito_row,
          nicolae_hito_row, nicolae_hito_row, nicolae_hito_row,
          nicolae_hito_row], layout_loops_ring, david_vaults_1,
          kennysheep_generic_room_5
D:14:     layout_rooms, nzn_hepliaklqana_mist_gate
D:15:     gammafunk_depths_entry_grave, layout_rooms, bloody_makhleb,
          uniq_louise, uniq_agnes
Temple:   nicolae_temple_x_marks_the_god
Lair:1:   layout_chaotic_city, small_statue_intersection, uniq_amaemon
Lair:2:   layout_gridlike, elwin_shoals_entry_rooms, serial_bayou_lagoon_a
Lair:3:   nzn_winding_woodlands_large [nzn_winding_woodlands_5x5_three,
          nzn_winding_woodlands_5x15_eye, nzn_winding_woodlands_5x5_perimeter,
          nzn_winding_woodlands_center_lodge,
          nzn_winding_woodlands_15x15_boxy_spiral,
          nzn_winding_woodlands_center_garden,
          nzn_winding_woodlands_5x5_default, nzn_winding_woodlands_5x15_crooked,
          nzn_winding_woodlands_5x5_cross], layout_chaotic_city,
          nicolae_snake_entry_warm_welcome, enter_volcano_3
Lair:4:   layout_loops_ring, slime_entry_1, guppyfry_lair_drakes,
          infiniplex_staircase_pool_2, serial_bayou_shore_a, uniq_rupert,
          uniq_urug, uniq_josephine
Lair:5:   evilmike_catoblepas_cave, layout_small_grid, grunt_megastairs_2
Snake:1:  layout_layer_cave, serial_shops, shop_scrolls, st_stairs_14
Orc:1:    layout_diamond_mine
Orc:2:    kennysheep_orc_mage_school, layout_diamond_mine,
          nicolae_shop_self_help

Skill      XL: |  1  2  3  4  5  6  7  8  9 10 11 12 13 14 15 |
---------------+----------------------------------------------+-----
Axes           | 3 4 5 7 8 10 11 13 14 16 17 18 | 18.0
Armour         | 4 5 6 7 8 10 11 12 13 14 | 14.7
Fighting       | 4 5 6 7 8 9 11 12 13 14 | 14.7
Shields        | 4 5 6 7 8 9 11 12 13 14 | 14.7
Throwing       | 1 2 3 4 5 6 7 8 9 10 | 10.0
Invocations    | 2 4 5 7 8 9 11 | 11.1

Action                     |  1- 3 |  4- 6 |  7- 9 | 10-12 | 13-15 | 16-18 || total
---------------------------+-------+-------+-------+-------+-------+-------++-------
  Melee: War axe           |    85 |   177 |   190 |    52 |       |       ||   504
         Headbutt          |    11 |    20 |    35 |   169 |   345 |    10 ||   590
         Hand axe          |       |       |       |   623 |   523 |       ||  1146
         Broad axe         |       |       |       |       |   643 |    32 ||   675
  Throw: Boomerang         |       |       |    48 |    21 |    31 |       ||   100
 Invoke: Heroism           |       |       |     3 |     9 |    18 |       ||    30
         Finesse           |       |       |       |     1 |     8 |       ||     9
    Use: Scroll            |     2 |     1 |    11 |    12 |     9 |       ||    35
         Potion            |       |     1 |       |     1 |     2 |       ||     4
   Stab: Confused          |       |       |       |       |     2 |       ||     2
 Armour: Scale mail        |    62 |    38 |       |       |       |       ||   100
         Chain mail        |       |    64 |    98 |       |       |       ||   162
         Plate armour      |       |       |     6 |   403 |   543 |    20 ||   972
  Dodge: Dodged            |    47 |    68 |   117 |   296 |   428 |     6 ||   962
  Block: Buckler           |    22 |    52 |    68 |    17 |       |       ||   159
         Kite shield       |       |       |       |   394 |   735 |    33 ||  1162

Table legend: (Time is in decaauts)
 A = Elapsed time spent in this place.
 B = Non-inter-level travel time spent in this place.
 C = Inter-level travel time spent in this place.
 D = Time resting spent in this place.
 E = Time spent auto-exploring this place.
 F = Levels seen in this place.
 G = Mean time per level.
                   A        B        C        D        E       F      G
               +--------+--------+--------+--------+--------+-----+--------+
         Total |  22203 |  20768 |   1435 |    810 |  12533 |  25 |  888.1 |
       Dungeon |  14503 |  13403 |   1100 |    659 |   8414 |  15 |  966.9 |
        Temple |     64 |     64 |      0 |      0 |     44 |   1 |   64.0 |
          Lair |   5539 |   5282 |    257 |      0 |   3328 |   5 | 1107.8 |
     Snake Pit |    227 |    227 |      0 |      0 |     58 |   1 |  227.0 |
  Orcish Mines |   1487 |   1411 |     76 |      0 |    688 |   2 |  743.5 |
       Ossuary |    381 |    381 |      0 |    151 |      0 |   1 |  381.0 |
               +--------+--------+--------+--------+--------+-----+--------+

Top non-repeatable levels by time:
     D:8: 1955 daAuts
     D:9: 1588 daAuts
  Lair:5: 1512 daAuts
     D:7: 1413 daAuts
     D:3: 1404 daAuts
  Lair:3: 1280 daAuts
   Orc:2: 1039 daAuts
  Lair:4: 958 daAuts
    D:10: 958 daAuts
  Lair:2: 944 daAuts
    D:13: 868 daAuts
  Lair:1: 842 daAuts
     D:4: 816 daAuts
     D:5: 792 daAuts
     D:6: 778 daAuts
